Map: Ciężka Artyleria ER

Players

Legol - Winner!

  • Race: Protoss Protoss
  • Spawn Location: 3:00

lurigan - Winner!

  • Race: Terran Terran
  • League: Platinum
  • Spawn Location: 1:00

Ludvio

  • Race: Zerg Zerg
  • League: Diamond
  • Spawn Location: 7:00

hothart

  • Race: Protoss Protoss
  • Spawn Location: 7:00

VOD

Have the link to the VOD?

Description

Time

  • Played on: Dec. 26, 2019, 4:21 p.m.
  • Length: 10:02
Show
View Real Time Build Order
Export as new Build Order

Legol Protoss - Winner!

Build Orders:  

Get SALT Encoding   

  12  0:01  Probe  
  13  0:13  Probe  
  14  0:20  Pylon  
  14  0:25  Probe  
  15  0:38  Probe (Chrono Boost), Gateway  
  17  0:50  Probe (Chrono Boost)  
  17  0:55  Probe (Chrono Boost)  
  17  0:56  Assimilator  
  18  1:11  Pylon  
  18  1:15  Probe (Chrono Boost)  
  19  1:25  Probe (Chrono Boost), Cybernetics Core  
  20  1:30  Probe (Chrono Boost)  
  21  1:53  Nexus, Probe  
  22  2:05  Probe  
  23  2:12  Assimilator  
  23  2:17  Probe  
  24  2:29  Probe  
  25  2:44  Gateway x2  
  25  2:48  Pylon  
  25  3:06  Probe  
  25  3:07  Probe  
  27  3:14  Forge  
  27  3:16  Stalker, Warp Gate (Chrono Boost)  
  27  3:19  Probe x2  
  31  3:31  Probe x2  
  31  3:32  Stalker x2  
  37  3:38  Twilight Council  
  37  3:43  Probe (Chrono Boost)  
  37  3:45  Probe (Chrono Boost)  
  39  3:55  Probe (Chrono Boost)  
  41  4:00  Probe (Chrono Boost), Photon Cannon  
  41  4:05  Photon Cannon  
  41  4:11  Assimilator  
  41  4:14  Assimilator  
  41  4:31  Pylon  
  41  4:36  Probe (Chrono Boost)  
  43  4:41  Probe (Chrono Boost)  
  43  4:42  Blink (Chrono Boost)  
  44  4:46  Probe (Chrono Boost)  
  44  4:47  Robotics Facility  
  44  4:50  Probe (Chrono Boost)  
  44  4:51  Probe (Chrono Boost)  
  46  5:00  Probe, Photon Cannon  
  46  5:03  Stalker, Photon Cannon  
  46  5:04  Stalker x2  
  53  5:09  Protoss Ground Weapons Level 1 (Chrono Boost)  
  53  5:12  Probe (Chrono Boost)  
  55  5:17  Probe (Chrono Boost)  
  56  5:22  Probe (Chrono Boost)  
  56  5:26  Probe (Chrono Boost)  
  57  5:31  Gateway  
  57  5:33  Gateway  
  57  5:35  Pylon  
  49  5:36  Pylon  
  49  5:49  Stalker  
  51  5:50  Stalker x2  
  55  5:59  Observer  
  56  6:15  Stalker x2  
  56  6:16  Stalker  
  62  6:21  Nexus  
  62  6:27  Immortal (Chrono Boost)  
  66  6:43  Pylon  
  66  6:46  Pylon  
  66  6:47  Probe  
  66  6:48  Probe  
  68  6:55  Zealot x2  
  68  6:56  Zealot x3  
  78  7:01  Probe x2  
  78  7:06  Pylon  
  77  7:34  Probe x3  
  75  7:44  Pylon  
  75  7:46  Pylon, Probe x2  
  75  7:47  Charge (Chrono Boost), Probe  
  75  7:49  Templar Archives  
  78  7:53  Zealot x4  
  78  7:54  Immortal (Chrono Boost), Zealot  
  92  8:19  Photon Cannon  
  92  8:20  Probe x3  
  92  8:21  Photon Cannon  
  92  8:23  Photon Cannon  
  92  8:25  Assimilator  
  95  8:27  Stalker, Assimilator  
  95  8:28  Stalker x4  
  95  8:32  Probe x3  
  108  8:37  Gateway  
  108  8:51  Stalker  
  108  8:52  Stalker x4  
  118  9:03  Probe x3  
  118  9:06  Warp Prism  
  121  9:15  Probe x3  
  126  9:27  Probe x3  
  128  9:46  Pylon  
Show
View Real Time Build Order
Export as new Build Order

lurigan Terran - Winner!

Build Orders: 2 Factory, Hellion Opening, Mech 

Get SALT Encoding   

  12  0:01  SCV  
  13  0:13  SCV  
  14  0:20  Supply Depot  
  14  0:25  SCV  
  15  0:30  Refinery  
  15  0:41  SCV  
  16  0:46  Barracks  
  16  0:53  SCV  
  17  1:02  Refinery  
  17  1:06  SCV  
  18  1:18  SCV  
  19  1:30  SCV  
  20  1:38  Barracks Reactor  
  20  1:41  Factory  
  20  1:42  SCV  
  21  2:06  Supply Depot  
  21  2:09  Orbital Command  
  21  2:14  Factory  
  21  2:33  Hellion  
  21  2:34  Hellion  
  25  2:41  Supply Depot  
  25  2:42  Barracks Tech Lab  
  25  2:43  Supply Depot  
  25  2:55  Hellion  
  25  2:56  Hellion  
  29  3:16  Hellion  
  29  3:17  Hellion  
  33  3:20  Infernal Pre-Igniter  
  33  3:24  Hellion  
  35  3:36  SCV  
  35  3:39  Hellion  
  38  3:55  Command Center  
  24  5:05  Hellion x3  
  28  5:07  SCV  
  28  5:11  Orbital Command  
  29  5:14  Refinery  
  29  5:19  SCV  
  30  5:26  Hellion x2  
  34  5:31  SCV  
  35  5:43  SCV  
  35  5:45  Siege Tank  
  35  5:47  Widow Mine  
  35  5:48  Widow Mine  
  43  5:54  SCV  
  43  5:55  SCV  
  45  6:04  Refinery  
  45  6:06  SCV  
  45  6:07  SCV  
  47  6:18  SCV  
  47  6:19  SCV  
  49  6:30  SCV  
  49  6:31  SCV  
  51  6:42  SCV  
  46  6:50  Siege Tank, Widow Mine x2  
  53  6:59  Armory x2  
  53  7:04  Factory  
  53  7:06  SCV x2  
  53  7:07  Factory  
  55  7:17  Supply Depot  
  55  7:18  SCV x2  
  55  7:19  Supply Depot  
  55  7:22  Supply Depot  
  57  7:30  SCV  
  57  7:31  SCV  
  53  7:42  Siege Tank  
  53  7:43  SCV x2  
  58  7:45  Widow Mine x2  
  62  7:52  Factory Tech Lab x2  
  62  7:55  SCV  
  62  7:57  Terran Vehicle And Ship Armor Level 1, Terran Vehicle Weapons Level 1  
  63  8:15  Siege Tank  
  63  8:17  Engineering Bay  
  63  8:18  Thor x2  
  78  8:21  Command Center  
  78  9:01  Siege Tank x2  
  84  9:14  Supply Depot  
  84  9:15  Supply Depot x2  
  84  9:17  Supply Depot  
  84  9:18  Supply Depot  
  84  9:19  Supply Depot  
Show
View Real Time Build Order
Export as new Build Order

Ludvio Zerg 

Build Orders: 3 Hatch before Pool 

Get SALT Encoding   

  12  0:03  Drone  
  13  0:12  Drone  
  14  0:27  Overlord  
  14  0:30  Extractor  
  14  0:31  Drone  
  14  0:49  Drone x2  
  16  0:50  Drone  
  17  1:02  Drone  
  18  1:14  Hatchery  
  18  1:15  Drone  
  18  1:22  Drone  
  19  1:33  Drone  
  20  1:45  Drone  
  21  1:50  Hatchery  
  20  1:54  Drone  
  21  2:04  Overlord  
  21  2:15  Evolution Chamber  
  20  2:16  Drone  
  20  2:17  Evolution Chamber  
  20  2:22  Spawning Pool  
  20  2:27  Drone  
  20  2:38  Drone  
  20  2:40  Drone x2  
  23  2:47  Drone  
  24  2:51  Zerg Melee Weapons Level 1  
  24  2:54  Drone  
  25  3:00  Zerg Ground Armor Level 1  
  25  3:02  Drone  
  26  3:06  Drone  
  26  3:09  Drone  
  28  3:13  Metabolic Boost  
  28  3:17  Drone  
  29  3:24  Drone x2  
  31  3:28  Drone x2  
  31  3:29  Drone  
  31  3:32  Drone  
  35  3:37  Queen  
  35  3:40  Drone x2  
  39  3:44  Drone x2  
  41  3:53  Zergling x2  
  42  3:57  Overlord  
  42  3:58  Overlord  
  42  4:03  Queen  
  32  4:26  Zergling x6  
  32  4:27  Zergling x12  
  41  4:38  Zergling x6  
  43  4:39  Lair  
  43  4:42  Queen  
  43  4:43  Queen  
  40  5:03  Drone x6  
  40  5:04  Drone x2  
  48  5:12  Drone x2  
  48  5:13  Baneling Nest  
  48  5:14  Drone x2  
  50  5:18  Drone x2, Queen x2  
  57  5:22  Overlord  
  55  5:28  Drone  
  55  5:29  Drone  
  50  5:36  Drone  
  50  5:37  Drone  
  50  5:39  Zerg Ground Armor Level 2, Zerg Melee Weapons Level 2  
  52  5:45  Extractor x2  
  50  5:55  Drone x3  
  50  5:56  Drone x6  
  50  5:57  Drone  
  60  6:13  Zergling x4  
  60  6:14  Zergling x2  
  55  6:38  Zergling x20  
  57  6:48  Drone x8  
  65  6:55  Drone  
  65  6:57  Overlord x2  
  66  7:01  Hatchery  
  66  7:05  Drone  
  66  7:07  Centrifical Hooks  
  66  7:11  Overlord  
  66  7:13  Baneling x7  
  66  7:14  Baneling x8  
  64  7:31  Drone  
  55  7:37  Drone x2  
  55  7:38  Drone x7  
  55  7:39  Drone  
  55  7:41  Overseer  
  55  7:44  Drone x2, Extractor  
  64  7:45  Drone x3, Extractor  
  64  7:51  Drone  
  69  7:52  Queen x2  
  69  7:54  Drone  
  74  8:03  Spire, Drone  
  74  8:04  Drone x4  
  78  8:08  Zergling x2  
  78  8:09  Zergling x2  
  80  8:19  Drone  
  81  8:24  Drone x4  
  81  8:25  Drone x4  
  81  8:26  Overlord  
  89  8:30  Queen x2  
  89  8:31  Queen  
  89  8:32  Overlord  
  89  8:33  Overlord  
  95  8:41  Infestation Pit, Queen  
  95  8:43  Extractor  
  95  8:53  Overseer  
  95  9:03  Zergling x26  
  95  9:04  Zergling x2  
  109  9:23  Zergling x6  
  111  9:25  Overlord x2  
  111  9:28  Zergling x2  
  105  9:32  Baneling x11  
  105  9:33  Baneling x3  
  105  9:34  Overlord x5  
  105  9:35  Overlord x2  
  97  9:41  Zergling x4  
Show
View Real Time Build Order
Export as new Build Order

hothart Protoss 

Build Orders: 1 Gate Expand, Dark Templar Rush 

Get SALT Encoding   

  12  0:01  Probe (Chrono Boost)  
  13  0:13  Probe (Chrono Boost)  
  14  0:20  Probe (Chrono Boost)  
  14  0:26  Pylon  
  15  0:44  Probe  
  15  0:47  Gateway  
  16  0:57  Probe  
  17  1:09  Probe  
  18  1:15  Assimilator  
  18  1:17  Assimilator  
  18  1:21  Probe  
  19  1:29  Nexus  
  19  1:37  Cybernetics Core  
  19  1:58  Probe (Chrono Boost)  
  21  2:09  Probe (Chrono Boost)  
  21  2:10  Pylon  
  21  2:14  Probe (Chrono Boost)  
  21  2:17  Twilight Council  
  21  2:20  Warp Gate (Chrono Boost)  
  21  2:21  Gateway  
  22  2:27  Probe  
  23  2:43  Probe (Chrono Boost)  
  25  2:53  Probe x2 (Chrono Boost)  
  26  2:58  Probe (Chrono Boost)  
  26  3:00  Dark Shrine, Probe  
  26  3:04  Pylon  
  28  3:12  Probe  
  28  3:20  Probe  
  28  3:25  Probe  
  30  3:30  Gateway  
  30  3:32  Probe  
  31  3:37  Probe  
  32  3:49  Probe (Chrono Boost)  
  32  3:54  Probe (Chrono Boost)  
  33  3:59  Probe (Chrono Boost)  
  34  4:03  Stalker  
  34  4:04  Stalker  
  33  4:25  Stalker  
Tags
 
Add a new tag
Caveats
  • Supply blocks, unpowered buildings, or Contaminate may cause inaccurate times.
  • Supply counts are checked every 10 seconds.